 Dungeon Crawl Stone Soup version 0.21-a0-150-gc243083 (webtiles) character file.

18516 Charly the Covert (level 12, 65/65 HPs)
             Began as a Vine Stalker Assassin on July 29, 2017.
             Was a Priest of Lugonu.
             Quit the game in a labyrinth on July 30, 2017.
             The game lasted 01:10:29 (6573 turns).

Charly the Covert (Vine Stalker Assassin)           Turns: 6573, Time: 01:10:30

Health: 65/65      AC:  7    Str: 16    XL:     12   Next: 59%
Magic:  28/28      EV: 14    Int: 14    God:    Lugonu [***...]
Gold:   379        SH:  0    Dex: 17    Spells: 9/11 levels left

rFire    . . .     SeeInvis .   a - +1 short sword (venom)
rCold    . . .     Gourm    .   (no shield)
rNeg     . . .     Faith    .   L - +0 troll leather armour
rPois    .         Spirit   +   v - +0 helmet
rElec    .         Reflect  .   y - +1 cloak
rCorr    .         Harm     .   (no gloves)
MR       +....     Rnd*Tele +   (no boots)
Stlth    ++++++....             (no amulet)
HPRegen  1.40/turn              d - ring of Law {Int+3 Stlth+}
MPRegen  0.21/turn              q - ring of magical power

@: studying Armour
A: fangs 3, blurry vision 1, clumsy 1, frail 1, regeneration 2, teleportitis 1,
magic shield, antimagic bite, no potion heal 3, rot immunity
a: Depart the Abyss, Bend Space, Banish, Renounce Religion


You were in a labyrinth.
You worshipped Lugonu.
Lugonu was most pleased with you.
You were not hungry.

You visited 4 branches of the dungeon, and saw 19 of its levels.
You also visited: Labyrinth and Bailey.

You collected 379 gold pieces.

Inventory:

Hand Weapons
 a - a +1 short sword of venom (weapon)
 b - a +3 blowgun
 B - a +2 dagger
Missiles
 e - 22 poisoned needles
 l - 7 curare-tipped needles
 I - 4 needles of frenzy
Armour
 v - a +0 helmet (worn)
 y - a +1 cloak (worn)
 L - a +0 troll leather armour (worn)
Magical Staves
 G - an uncursed staff of earth
Jewellery
 c - an uncursed ring of protection from cold
 d - the ring of Law (left hand) {Int+3 Stlth+}
   (You found it in a labyrinth)

   [ring of stealth]

   It affects your intelligence (+3).
   It makes you more stealthy.
 i - an uncursed ring of see invisible
 q - a ring of magical power (right hand)
 E - a +5 ring of dexterity
Wands
 z - a wand of iceblast (6/15)
Scrolls
 k - a scroll of recharging
 n - 2 scrolls of magic mapping
 p - a scroll of fear {unknown}
 s - 2 scrolls of blinking
 w - 2 scrolls of enchant weapon
 x - a scroll of amnesia {unknown}
 D - a scroll of remove curse
 J - 4 scrolls of enchant armour
Potions
 j - 3 potions of haste
 m - 2 potions of mutation {unknown}
 o - 3 potions of curing
 r - 2 potions of lignification
 t - 3 potions of might
 A - a potion of flight {unknown}
 C - 2 potions of brilliance
 F - a potion of magic {unknown}
 K - a potion of degeneration {unknown}
Books
 u - a manual of Armour
Comestibles
 g - 9 bread rations


   Skills:
 - Level 13.3 Fighting
 - Level 9.3 Short Blades
 - Level 1.7 Throwing
 - Level 4.0 Dodging
 + Level 13.5 Stealth
 + Level 8.8 Invocations


You had 9 spell levels left.
You knew the following spells:

 Your Spells              Type           Power        Failure   Level  Hunger
a - Apportation           Tloc           #.....       34%         1    ##.....
b - Animate Skeleton      Necr           N/A          34%         1    ##.....


Dungeon Overview and Level Annotations

Branches:
Dungeon (15/15)            Temple (1/1) D:5            Lair (2/6) D:10
    Orc (1/2) D:12
  Swamp: Lair:2-4    Shoals: Lair:2-4     Snake: Lair:2-4    Spider: Lair:2-4
 Vaults: D:13-14     Depths: D:15

Altars:
Ashenzari
Cheibriados
Hepliaklqana
Nemelex Xobeh
Okawaru
Ru
Sif Muna
Trog
Yredelemnul
Lugonu

Annotations:
D:5 Eustachio
D:8 Grum
D:12 2 transporters
D:15 Urug


Innate Abilities, Weirdness & Mutations

You have razor-sharp teeth.
You heal very quickly.
When hurt, damage is shared between your health and your magic reserves.
Your bite disrupts and absorbs the magic of your enemies.
Potions cannot restore your health.
You are immune to rotting.
Scrolls take you a little longer to read.
You are clumsy. (Dex -2)
You are frail. (-10% HP)
You are occasionally teleported next to monsters.


Message History

Found a runed glaive.
Found an escape hatch in the ceiling.
Your +1 short sword of venom begins to drip with poison!
a - a +1 short sword of venom (weapon)
The helpless minotaur fails to defend itself.
You stick the minotaur like a pincushion!!!!
You kill the minotaur!
Lugonu accepts your kill.
There is an escape hatch in the ceiling, spattered with blood here.
Items here: ( ))) //// :: == ? [ |||
d - a fine bone ring Put on which piece of jewellery? (? for menu, Esc to quit)
You're wearing all the rings you can.
Remove which one? (? for menu, Esc to cancel) < or
E - a +5 ring of dexterity; > or
q - a ring of magical power You remove your +5 ring of dexterity.
You feel clumsy.
You feel clever.
d - the ring of Law (left hand) {Int+3 Stlth+}
Okay, then.
Are you sure you want to abandon this character and quit the game? (Confirm with "yes".)

.....
. #.▓
.#####
### #
#.▓ #
..#
#.▓ .
# #.▓
.. #.▓
. # #
### ..
#
#.#.▓
# #
#.#.▓
#@..▓
#.##▓
...#
###.#
..#
###


There were no monsters in sight!

Vanquished Creatures
  A minotaur (Lab)
  2 two-headed ogres
  An unseen horror (Bailey)
  Pikel (D:9)
  An ugly thing (D:9)
  A manticore (D:13)
  A cyclops (D:15)
  3 centaur zombies
  A gargoyle (D:13)
  A komodo dragon (D:12)
  An efreet (D:14)
  2 trolls
  Prince Ribbit (D:7)
  4 hippogriffs
  A shadow (D:11)
  4 wyverns
  3 yaks (D:11)
  5 hungry ghosts
  2 basilisks
  A steam dragon (D:9)
  A vampire mosquito (D:14)
  4 water moccasins
  3 sky beasts
  7 orc warriors
  A swamp drake (D:10)
  4 slaves (D:7)
  An eye of draining (D:12)
  2 phantoms
  A necrophage (D:8)
  4 ogres
  2 crocodiles
  12 centaurs
  3 big kobolds
  Blork the orc (D:6)
  7 bullfrogs
  A troll skeleton (D:8)
  4 crimson imps
  2 quasits
  4 jellies
  4 centaur skeletons
  2 orc priests
  2 bullfrog skeletons
  3 hounds
  2 iguanas
  Jessica (D:3)
  9 orc wizards
  6 worker ants
  3 hound skeletons
  A worker ant zombie (D:8)
  4 adders
  A howler monkey skeleton (D:7)
  4 shadow imps
  2 adder zombies
  An adder skeleton (D:9)
  41 orcs
  A bat (D:1)
  A giant cockroach (D:5)
  5 goblins
  5 jackals
  2 quokkas
  2 ball pythons
  A frilled lizard (D:5)
  13 kobolds
  A leopard gecko skeleton (D:7)
218 creatures vanquished.

Vanquished Creatures (others)
  A vault guard (D:13)
  The ghost of p0werm0de the Fighter, a novice DsAr of Ashenzari (Lab)
  A deep elf mage (D:14)
  5 ugly things
  A cyclops (D:11)
  A freezing wraith (D:14)
  3 meliai (D:13)
  A vampire (D:14)
  2 vampire mosquitoes (D:14)
  An orc warrior (D:12)
  A centaur (Bailey)
18 creatures vanquished.

Grand Total: 236 creatures vanquished

Notes
Turn   | Place    | Note
-------+----------+-------------------------------------------
     0 | D:1      | Charly the Vine Stalker Assassin began the quest for the Orb.
     0 | D:1      | Reached XP level 1. HP: 11/11 MP: 2/2
    77 | D:3      | Noticed Jessica
    90 | D:3      | Killed Jessica
    90 | D:3      | Reached skill level 5 in Stealth
    90 | D:3      | Reached XP level 2. HP: 14/15 MP: 3/3
    90 | D:3      | Reached XP level 3. HP: 17/18 MP: 4/4
   139 | D:5      | Entered Level 5 of the Dungeon
   144 | D:5      | Found a staircase to the Ecumenical Temple.
   155 | D:5      | Gained mutation: Your natural rate of healing is unusually fast. [Vine Stalker growth]
   155 | D:5      | Reached XP level 4. HP: 3/23 MP: 0/5
   157 | Temple   | Entered the Ecumenical Temple
   170 | Temple   | Became a worshipper of Lugonu the Unformed
   170 | Temple   | Reached * piety under Lugonu
   261 | D:5      | Found a sparkling altar of Nemelex Xobeh.
   318 | D:5      | Found a snail-covered altar of Cheibriados.
   325 | D:5      | Noticed an ogre
   332 | D:5      | Killed an ogre
   332 | D:5      | Reached XP level 5. HP: 27/27 MP: 6/6
   337 | D:6      | Reached XP level 6. HP: 32/32 MP: 7/7
   374 | D:5      | Found a deep blue altar of Sif Muna.
   484 | D:5      | Noticed Eustachio
   536 | D:6      | Noticed Blork the orc
   554 | D:6      | Killed Blork the orc
   568 | D:6      | Reached ** piety under Lugonu
   568 | D:6      | Reached XP level 7. HP: 36/36 MP: 8/8
   606 | D:7      | Reached skill level 1 in Invocations
   619 | D:7      | Found a shattered altar of Ashenzari.
   636 | D:7      | Noticed a hog
   636 | D:7      | Noticed a human
   636 | D:7      | Noticed a hog
   708 | D:9      | Noticed a purple ugly thing
   718 | D:7      | Reached skill level 5 in Short Blades
   723 | D:9      | Noticed a yak
   723 | D:9      | Noticed a yak
   723 | D:9      | Noticed a yak
   724 | D:9      | Noticed a yak
   725 | D:9      | Noticed a yak
   812 | D:8      | Gained mutation: You have razor-sharp teeth. [Vine Stalker growth]
   812 | D:8      | Reached XP level 8. HP: 33/40 MP: 10/10
   843 | D:7      | Noticed Pikel
  1134 | D:7      | Noticed Prince Ribbit
  1164 | D:7      | Killed Prince Ribbit
  1192 | D:8      | Noticed Grum
  1274 | D:8      | Found a hazy altar of Hepliaklqana.
  1320 | D:9      | HP: 1/40 [purple ugly thing (9)]
  1324 | D:9      | Killed a purple ugly thing
  1324 | D:9      | Reached skill level 10 in Stealth
  1324 | D:9      | Reached XP level 9. HP: 3/44 MP: 2/13
  1334 | D:9      | Learned a level 1 spell: Apportation
  1336 | D:9      | Learned a level 1 spell: Animate Skeleton
  1451 | D:9      | Reached skill level 5 in Invocations
  1540 | D:10     | Entered Level 10 of the Dungeon
  1621 | D:9      | Killed Pikel
  1621 | D:9      | Reached *** piety under Lugonu
  1706 | D:10     | Reached XP level 10. HP: 49/49 MP: 15/15
  1729 | D:10     | You fall through a shaft!
  1766 | D:11     | Reached skill level 1 in Dodging
  2014 | D:12     | Noticed an orc sorcerer
  2014 | D:12     | Noticed a kobold demonologist
  2017 | D:12     | Found a transporter.
  2096 | D:12     | Found a flagged portal.
  2123 | Bailey   | Entered a bailey
  2151 | Bailey   | Reached **** piety under Lugonu
  2170 | Bailey   | Noticed an unseen horror
  2193 | Bailey   | Killed an unseen horror
  2331 | Bailey   | Reached XP level 11. HP: 41/53 MP: 17/17
  2557 | D:13     | Reached skill level 5 in Fighting
  2570 | D:12     | Found a transporter.
  2689 | D:12     | Noticed a deep elf knight
  2796 | D:12     | Noticed a two-headed ogre
  2857 | D:11     | Noticed a cyclops
  2859 | D:11     | Banished a cyclops
  3166 | D:12     | Found a staircase to the Orcish Mines.
  3215 | Orc:1    | Entered Level 1 of the Orcish Mines
  3215 | Orc:1    | Noticed an orc high priest
  3215 | Orc:1    | Noticed an orc sorcerer
  3305 | D:13     | Gained mutation: You are clumsy. (Dex -2) [mutagenic meat]
  3306 | D:13     | Gained mutation: You are occasionally teleported next to monsters. [mutagenic meat]
  3307 | D:13     | Gained mutation: Scrolls take you a little longer to read. [mutagenic meat]
  3308 | D:13     | Gained mutation: You are frail. (-10% HP) [mutagenic meat]
  3309 | D:13     | WOW
  3390 | D:13     | Noticed a manticore
  3417 | D:13     | Noticed a two-headed ogre
  3420 | D:13     | Killed a manticore
  3474 | D:14     | Reached skill level 10 in Fighting
  3579 | D:15     | Entered Level 15 of the Dungeon
  3584 | D:15     | Noticed a red ugly thing
  3591 | D:15     | Banished a red ugly thing
  3635 | D:14     | Noticed a cyan ugly thing
  3635 | D:14     | Noticed a cyan ugly thing
  3635 | D:14     | Noticed a cyan ugly thing
  3636 | D:14     | Noticed a cyan ugly thing
  3636 | D:14     | Banished a cyan ugly thing
  3638 | D:14     | Banished a purple ugly thing
  3640 | D:14     | Noticed a cyan ugly thing
  3640 | D:14     | Banished a cyan ugly thing
  3641 | D:14     | Banished a cyan ugly thing
  3643 | D:14     | Banished a cyan ugly thing
  3706 | D:14     | Found a sacrificial altar of Ru.
  3816 | D:14     | Noticed a deep elf mage
  3824 | D:14     | Banished a deep elf mage
  3858 | D:15     | Noticed Urug
  3882 | D:14     | Noticed a two-headed ogre
  3896 | D:14     | Killed a two-headed ogre
  3896 | D:14     | Gained mutation: You heal very quickly. [Vine Stalker growth]
  3896 | D:14     | Reached XP level 12. HP: 64/64 MP: 18/18
  4179 | D:13     | Noticed a vault guard
  4187 | D:13     | Noticed a vault guard
  4193 | D:13     | Noticed a vault guard
  4210 | D:13     | Banished a vault guard
  4478 | D:10     | Noticed a two-headed ogre
  4502 | D:10     | Killed a two-headed ogre
  4538 | D:10     | Found a staircase to the Lair.
  4574 | Lair:1   | Entered Level 1 of the Lair of Beasts
  4596 | Lair:2   | Found a labyrinth entrance.
  4605 | Lab      | Entered a labyrinth
  4664 | Lab      | Noticed p0werm0de's ghost (novice DsAr)
  4665 | Lab      | Banished p0werm0de's ghost
  6565 | Lab      | Noticed a minotaur
  6568 | Lab      | Killed a minotaur
  6570 | Lab      | Got a fine bone ring
  6572 | Lab      | Identified the ring of Law {Int+3 Stlth+} (You found it in a labyrinth)
  6573 | Lab      | Quit the game

Vault maps used:
D:1:      eino_arrival_water_cross
D:2:      makhleb_heckhound_becter, tso_altar, nicolae_overflow_crystal_walls,
          amethyst_overflow_temple_binary, hangedman_decor_points,
          minmay_misc_feat_x, minmay_heptomino_w4, uniq_robin
D:3:      nicolae_gozag_cash_rules_everything_around_me, fedhas_altar_1,
          uniq_jessica, uniq_grinder, uniq_sigmund
D:4:      grunt_temple_overflow_growth_and_decay, serial_shops, shop
D:5:      marbit_many_paths, slow_altar_1, overflow_temple_1_default,
          led_xom_imps, kennysheep_mini_moat, minmay_temple_entry_large_hall,
          first_bread, uniq_eustachio
D:6:      uniq_blork_the_orc
D:7:      kennysheep_little_box, serial_corexii_hall, corexii_hall_statues_l,
          corexii_hall_statues_l, grunt_livestock, kennysheep_cross_bottleneck,
          mrwooster_statue_mirror, uniq_pikel, uniq_prince_ribbit1
D:8:      lemuel_doored_altar, lemuel_mausoleum_altar_yredelemnul, uniq_grum,
          uniq_joseph
D:10:     erik_lair_dragon
D:11:     nicolae_wwwww
D:12:     gammafunk_wand_slinger, erik_orc_1, enter_bailey_3,
          serial_corexii_hall, corexii_hall_statues_t, corexii_hall_statues_l
D:13:     lightli_vaults_fourway_checkpoint, st_stairs_9
D:14:     nicolae_ru_sacrificial_ziggurat, minmay_hedge_maze
D:15:     grunt_enter_depths_giant_problem, cheibriados_altar_1, uniq_urug
Temple:   corrupted_temple
Lair:1:   infiniplex_staircase_pool_2, lemuel_fruit_tree, grunt_megastairs_3
Lair:2:   spider_nest_entry_a, lab_entry_generic,
          eino_small_chamber_without_monster, lemuel_centaur_altar
Orc:1:    uniq_erolcha
Lab:      nicolae_lab_arrow
Bailey:   bailey_polearm_flooded_kennysheep, bailey

Skill      XL: |  1  2  3  4  5  6  7  8  9 10 11 12 |
---------------+-------------------------------------+-----
Short Blades   | 2 3 4 5 6 7 8 9 |  9.3
Stealth        | 5 6 7 8 10 11 12 13 | 13.5
Fighting       | 2 3 4 12 13 | 13.3
Invocations    | 2 4 6 7 8 |  8.8
Dodging        | 3 4 |  4.0
Throwing       | |  1.7

Action                   |  1- 3 |  4- 6 |  7- 9 | 10-12 || total
-------------------------+-------+-------+-------+-------++-------
Melee: Dagger            |    13 |    83 |    52 |       ||   148
       Bite              |     4 |    38 |    83 |   206 ||   331
       Short sword       |       |       |   146 |   489 ||   635
 Fire: Blowgun           |     5 |     3 |       |    17 ||    25
Invok: Bend Space        |       |       |     6 |     1 ||     7
       Banish            |       |       |       |    22 ||    22
Evoke: Wand              |       |       |    14 |    39 ||    53
  Use: Scroll            |     2 |     1 |     9 |    11 ||    23
       Potion            |       |       |       |     3 ||     3
 Stab: Sleeping          |     2 |     5 |    13 |    30 ||    50
       Distracted        |       |     1 |     1 |     4 ||     6
       Confused          |       |       |     1 |     2 ||     3
  Eat: Chunk             |       |       |     1 |     4 ||     5
       Meat ration       |       |       |     2 |     5 ||     7
       Fruit             |       |       |       |     2 ||     2
       Royal jelly       |       |       |       |     1 ||     1
Armor: Robe              |     5 |    11 |    29 |    37 ||    82
       Troll leather arm |       |       |       |    63 ||    63
       Skin              |       |       |       |    11 ||    11
Dodge: Dodged            |     7 |    50 |    95 |   296 ||   448
